Map: [ESL] Tropical Sacrifice

Players

Nice - Winner!

  • Race: Protoss Protoss
  • Spawn Location: 1:00

GungFuBanDa

  • Race: Protoss Protoss
  • Spawn Location: 7:00

Event: DreamHack SC2 Masters 2022 Atlanta (Offline)

VOD

Have the link to the VOD?

Description

Time

  • Played on: Nov. 18, 2022, 1:24 p.m.
  • Length: 11:08

All games in this series

Show
View Real Time Build Order
Export as new Build Order

Nice Protoss - Winner!

Build Orders: 1 Gate Expand, Oracle Opening, Phoenix Opening 

Get SALT Encoding   

  12  0:00  Probe  
  13  0:12  Probe  
  14  0:20  Pylon  
  14  0:24  Probe  
  15  0:38  Probe (Chrono Boost)  
  15  0:39  Gateway  
  16  0:48  Assimilator  
  16  0:49  Probe (Chrono Boost)  
  17  0:53  Probe (Chrono Boost)  
  18  1:04  Probe  
  19  1:17  Probe  
  20  1:25  Nexus  
  20  1:34  Cybernetics Core  
  20  1:40  Assimilator  
  20  1:43  Probe  
  21  1:51  Pylon  
  21  1:55  Probe  
  22  2:07  Probe  
  22  2:08  Adept (Chrono Boost)  
  25  2:19  Probe  
  26  2:28  Stargate  
  26  2:30  Stalker (Chrono Boost)  
  26  2:31  Probe  
  29  2:39  Probe  
  30  2:46  Shield Battery  
  30  2:54  Stalker  
  32  3:01  Probe x2  
  32  3:02  Warp Gate  
  34  3:08  Shield Battery  
  34  3:18  Shield Battery, Oracle (Chrono Boost)  
  35  3:27  Probe  
  35  3:28  Stalker  
  35  3:29  Probe  
  36  3:43  Probe x2  
  38  3:57  Probe  
  38  3:59  Phoenix (Chrono Boost)  
  38  4:01  Probe  
  42  4:09  Probe  
  43  4:13  Probe  
  44  4:21  Probe  
  45  4:25  Probe  
  46  4:41  Twilight Council  
  45  4:54  Gateway  
  45  4:55  Probe, Gateway  
  46  5:00  Gateway  
  46  5:08  Assimilator  
  46  5:09  Pylon  
  46  5:12  Blink (Chrono Boost)  
  46  5:14  Pylon  
  46  5:20  Pylon  
  46  5:27  Probe x2, Stalker  
  50  5:37  Pylon  
  50  5:39  Probe x2  
  52  5:44  Nexus  
  52  5:50  Sentry  
  52  5:51  Probe x2  
  52  5:53  Stalker  
  58  5:58  Stalker  
  58  6:02  Stalker  
  62  6:04  Probe  
  62  6:06  Probe  
  64  6:13  Shield Battery  
  64  6:15  Robotics Facility  
  64  6:21  Stalker  
  64  6:23  Probe x2  
  68  6:28  Stalker  
  70  6:32  Stalker  
  70  6:35  Stalker  
  70  6:38  Probe  
  70  6:39  Probe  
  76  6:43  Charge (Chrono Boost)  
  76  6:49  Stalker  
  78  6:55  Probe x2  
  78  6:57  Probe  
  78  7:00  Gateway  
  81  7:03  Observer (Chrono Boost), Gateway  
  81  7:07  Gateway  
  82  7:12  Adept  
  82  7:13  Adept  
  86  7:16  Sentry  
  88  7:23  Probe x2, Stalker  
  88  7:24  Probe  
  88  7:29  Gateway  
  93  7:36  Observer  
  93  7:42  Pylon  
  93  7:44  Pylon  
  93  7:59  Probe  
  93  8:00  Observer (Chrono Boost), Probe x2  
  90  8:10  Zealot x7  
  102  8:18  Warp Prism (Chrono Boost)  
  102  8:19  Templar Archives  
  100  8:21  Pylon  
  100  8:22  Pylon  
  100  8:28  Pylon  
  100  8:31  Zealot x4  
  108  8:39  Zealot x4  
  116  8:45  Pylon x2  
  116  8:53  Observer  
  117  9:00  High Templar x2  
  117  9:01  Zealot x6  
  133  9:04  Archon, Pylon  
  133  9:23  Zealot x6  
  140  9:32  Observer  
  134  9:40  Zealot x2  
  134  9:41  Warp Prism  
  136  9:47  Zealot x2  
  136  9:48  Zealot x4  
  142  9:53  Observer  
  124  10:10  Zealot x8  
  134  10:16  Warp Prism (Chrono Boost)  
  132  10:33  Zealot x8  
  121  10:53  Zealot x4  
  121  10:54  Zealot x4  
Show
View Real Time Build Order
Export as new Build Order

GungFuBanDa Protoss 

Build Orders: Oracle Opening, Phoenix Opening 

Get SALT Encoding   

  12  0:01  Probe  
  13  0:13  Probe  
  14  0:17  Pylon  
  14  0:25  Probe (Chrono Boost)  
  15  0:37  Probe (Chrono Boost)  
  15  0:38  Gateway  
  16  0:44  Probe (Chrono Boost)  
  16  0:47  Assimilator  
  17  0:51  Probe (Chrono Boost)  
  17  0:56  Assimilator  
  18  1:03  Probe (Chrono Boost)  
  19  1:09  Gateway  
  19  1:13  Probe (Chrono Boost)  
  20  1:19  Probe  
  21  1:26  Cybernetics Core  
  21  1:36  Probe  
  22  1:43  Pylon  
  22  1:48  Probe  
  23  2:02  Stargate  
  23  2:03  Adept  
  25  2:09  Adept  
  25  2:11  Warp Gate  
  27  2:17  Probe  
  28  2:30  Probe, Pylon  
  29  2:45  Oracle (Chrono Boost)  
  32  3:10  Shield Battery  
  32  3:12  Probe  
  32  3:13  Oracle (Chrono Boost)  
  34  3:26  Nexus  
  34  3:27  Pylon  
  34  3:33  Shield Battery  
  34  3:43  Probe  
  35  3:48  Phoenix  
  38  3:59  Stalker  
  38  4:01  Stalker  
  41  4:17  Probe  
  42  4:24  Twilight Council  
  42  4:29  Probe  
  43  4:38  Sentry, Stalker  
  47  4:43  Probe (Chrono Boost)  
  47  4:45  Probe (Chrono Boost)  
  46  4:57  Probe (Chrono Boost)  
  46  4:59  Probe (Chrono Boost)  
  48  5:02  Dark Shrine, Probe (Chrono Boost)  
  48  5:06  Probe  
  50  5:11  Probe  
  51  5:15  Stalker  
  51  5:17  Stalker  
  51  5:18  Probe  
  56  5:23  Probe  
  57  5:30  Probe  
  57  5:33  Assimilator  
  59  5:35  Probe  
  59  5:38  Blink (Chrono Boost)  
  59  5:41  Pylon  
  59  5:42  Probe  
  60  5:47  Shield Battery, Probe  
  60  5:49  Pylon  
  61  5:54  Probe  
  62  6:00  Gateway  
  62  6:09  Nexus  
  62  6:12  Probe  
  62  6:17  Dark Templar  
  65  6:19  Dark Templar  
  65  6:25  Pylon  
  67  6:26  Probe  
  67  6:28  Probe  
  69  6:35  Forge  
  69  6:39  Probe  
  70  6:50  Probe (Chrono Boost)  
  70  6:51  Probe (Chrono Boost)  
  70  6:53  Shield Battery  
  72  6:57  Stalker x3  
  80  7:01  Probe (Chrono Boost)  
  80  7:02  Probe (Chrono Boost)  
  80  7:04  Protoss Ground Weapons Level 1 (Chrono Boost)  
  80  7:06  Probe (Chrono Boost)  
  80  7:07  Probe (Chrono Boost)  
  81  7:12  Robotics Facility  
  82  7:16  Probe  
  82  7:17  Probe  
  82  7:21  Probe, Pylon  
  85  7:28  Probe  
  85  7:29  Probe  
  87  7:33  Probe  
  88  7:39  Stalker x3  
  88  7:40  Probe  
  88  7:41  Probe  
  96  7:44  Photon Cannon  
  96  7:49  Probe  
  97  7:53  Probe x2  
  99  8:01  Probe  
  99  8:02  Observer (Chrono Boost)  
  99  8:05  Probe  
  99  8:06  Probe, Stalker x3  
  107  8:13  Probe (Chrono Boost)  
  107  8:19  Assimilator  
  109  8:20  Assimilator  
  109  8:22  Photon Cannon  
  109  8:23  Robotics Bay, Probe (Chrono Boost)  
  109  8:25  Pylon  
  109  8:26  Robotics Facility  
  109  8:33  Pylon  
  109  8:34  Pylon  
  109  8:35  Pylon  
  109  8:36  Assimilator  
  109  8:39  Pylon  
  109  8:43  Probe  
  110  8:54  Stalker x3  
  116  8:59  Shield Battery  
  116  9:01  Gateway  
  116  9:03  Gateway  
  116  9:05  Gateway  
  116  9:17  Shield Battery  
  116  9:19  Shield Battery  
  116  9:20  Stalker, Pylon  
  116  9:21  Stalker  
  116  9:22  Stalker  
  125  9:25  Shield Battery x2  
  121  9:45  Dark Templar  
  121  9:47  Dark Templar x2  
  113  10:03  Probe  
  105  10:10  Stalker x3  
  102  10:24  Stalker x2  
  102  10:26  Probe  
  106  10:31  Robotics Facility  
  106  10:33  Stalker  
  104  10:45  Stalker x3  
  104  10:48  Stalker  
  103  10:53  Probe  
  89  10:59  Stalker x2  
Tags
 
Add a new tag
Caveats
  • Supply blocks, unpowered buildings, or Contaminate may cause inaccurate times.
  • Supply counts are checked every 10 seconds.